 Dungeon Crawl Stone Soup version 0.24.1-14-gf8d2b509d9 (webtiles) character file.

Game seed: 12717571547014656153, levelgen mode: deterministic

119 cstieg1 the Firebug (level 4, 0/24 HPs)
             Began as a Deep Elf Fire Elementalist on May 10, 2021.
             Killed from afar by Sigmund (5 damage)
             ... with a puff of flame
             ... on level 3 of the Dungeon.
             The game lasted 00:04:27 (2438 turns).

cstieg1 the Firebug (Deep Elf Fire Elementalist)    Turns: 2438, Time: 00:04:28

Health: 0/24       AC:  4    Str:  6    XL:     4   Next: 73%
Magic:  2/20       EV: 13    Int: 24    God:
Gold:   68         SH:  0    Dex: 15    Spells: 2/10 levels left

rFire    . . .     SeeInvis .   a - +0 dagger
rCold    . . .     Gourm    .   (no shield)
rNeg     . . .     Faith    .   f - +0 robe
rPois    .         Spirit   .   p - +0 helmet (curse)
rElec    .         Reflect  .   (no cloak)
rCorr    .         Harm     .   s - +0 pair of gloves (curse)
MR       .....                  (no boots)
Stlth    ++........             (no amulet)
HPRegen  0.08/turn              d - +4 ring of intelligence
MPRegen  0.17/turn              i - ring of magical power

@: very slightly contaminated, hasted, very quick
A: no striking features
a: no special abilities


You were on level 3 of the Dungeon.
You were very hungry.

You visited 1 branch of the dungeon, and saw 3 of its levels.

You collected 68 gold pieces.

Inventory:

Hand Weapons
 a - a +0 dagger (weapon)
 b - a +1 short sword of freezing
 l - a +0 short sword
Missiles
 r - 19 poisoned darts (quivered)
Armour
 f - a +0 robe (worn)
 p - a cursed +0 helmet (worn)
 s - a cursed +0 pair of gloves (worn)
Jewellery
 d - a +4 ring of intelligence (left hand)
 i - a ring of magical power (right hand)
Scrolls
 e - a scroll of teleportation {unknown}
 g - a scroll of noise {unknown}
 k - 2 scrolls of enchant armour {unknown}
 n - a scroll of fear {unknown}
 o - a scroll of remove curse {unknown}
 q - 2 scrolls of identify {unknown}
 t - a scroll of amnesia {unknown}
Potions
 h - a potion of heal wounds {unknown}
 j - a potion of haste
 m - a potion of curing
 u - 2 potions of might {unknown}
Comestibles
 c - 6 rations


   Skills:
 + Level 0.9 Fighting
 + Level 3.1 Dodging
 - Level 2.5 Stealth
 + Level 3.6 Spellcasting
 * Level 2.9 Conjurations
 * Level 4.3 Fire Magic


You had 2 spell levels left.
You knew the following spells:

 Your Spells              Type           Power        Failure   Level  Hunger
a - Flame Tongue          Conj/Fire      ###..        2%          1    None
b - Conjure Flame         Conj/Fire      ###.....     7%          3    ###....
c - Sticky Flame          Conj/Fire      ###.....     22%         4    ####...

Your spell library contained the following spells:

 Spells                   Type           Power        Failure   Level  Hunger
 Throw Flame              Conj/Fire      ###...       3%          2    #......
 Inner Flame              Hex/Fire       ##......     13%         3    ###....
 Fireball                 Conj/Fire      ###.......   54%         5    ######.


Dungeon Overview and Level Annotations

Branches:
Dungeon (3/15)

Altars:
Yredelemnul

Annotations:
D:3 Sigmund


Message History

Confirm with . or Enter, or press ? or * to list all spells.
Aiming: Sticky Flame (slightly dangerous; 22% risk of failure)
Press: ? - help, Shift-Dir - straight line, f/p - Sigmund
Aim: Sigmund, wielding a +0 scythe, wearing a +2 robe of fire resistance and carrying a wand of flame (15) (heavily wounded)
You miscast Sticky Flame.
You are very lightly contaminated with residual magic.
Nothing appears to happen.
You are feeling very hungry.
Sigmund zaps a wand.
The puff of flame hits you.
* * * LOW HITPOINT WARNING * * *
Casting: Sticky Flame (slightly dangerous; 22% risk of failure)
Confirm with . or Enter, or press ? or * to list all spells.
Aiming: Sticky Flame (slightly dangerous; 22% risk of failure)
Press: ? - help, Shift-Dir - straight line, f/p - Sigmund
Aim: Sigmund, wielding a +0 scythe, wearing a +2 robe of fire resistance and carrying a wand of flame (14) (heavily wounded)
The sticky flame hits Sigmund.
Sigmund resists.
Sigmund is severely wounded.
Sigmund is covered in liquid flames!
Sigmund zaps a wand.
The puff of flame hits you.
You die...

.†.##.....#.# ##.................
..†...#.....#####................
..).##.........##...#..###.......
.......................# ########
....†#..........#.....##
.....#.................#
.......................>
........................
.....#..........@@...... ...###
##............... ..###
#............>.. ....#
#............... ..#.##
#..............#
.....####.#.....#.....##
...#......########..###
...####..## ... ...# #...... ##


You could see Sigmund (burning).

Vanquished Creatures
  A jelly (D:3)
  3 adders
  An ooze (D:2)
  A dart slug (D:1)
  A leopard gecko (D:1)
  2 orcs (D:3)
  10 bats
  2 giant cockroaches
  2 hobgoblins
  3 jackals (D:2)
  A quokka (D:3)
  3 frilled lizards
  2 gnoll zombies (D:2)
  12 kobolds
  10 rats
54 creatures vanquished.

Notes
Turn   | Place    | Note
-------+----------+-------------------------------------------
     0 | D:1      | cstieg1 the Deep Elf Fire Elementalist began the quest for
                  | the Orb.
     0 | D:1      | Reached XP level 1. HP: 10/10 MP: 6/6
   166 | D:1      | Reached XP level 2. HP: 11/15 MP: 5/8
  1283 | D:2      | Reached XP level 3. HP: 17/20 MP: 7/9
  1413 | D:2      | Learned a level 3 spell: Conjure Flame
  1922 | D:2      | Found a basalt altar of Yredelemnul.
  1956 | D:2      | Reached skill level 4 in Fire Magic
  2173 | D:3      | Reached XP level 4. HP: 24/24 MP: 11/11
  2404 | D:3      | Noticed Sigmund
  2416 | D:3      | Learned a level 4 spell: Sticky Flame
  2438 | D:3      | Killed from afar by Sigmund

Levels and vault maps discovered:
D:1:      shiori_arrival_elements, layout_loops_ring, serial_forest,
          infiniplex_forest_join, infiniplex_forest_lined_4_way,
          infiniplex_forest_clump_medium, infiniplex_forest_clump_medium,
          infiniplex_forest_clump_medium, infiniplex_forest_lined_room_,
          hangedman_decor_growths
D:2:      layout_loops_ring, lemuel_zombie_altar_yredelemnul, first_ration
D:3:      layout_rooms, uniq_sigmund

Skill      XL: |  1  2  3 |
---------------+----------+-----
Conjurations   | 2 |  2.9
Fire Magic     | 4 |  4.3
Dodging        | 3 |  3.1
Fighting       | |  0.9
Stealth        | |  2.5
Spellcasting   | |  3.6

Action                   |  1- 3 |  4- 6 || total
-------------------------+-------+-------++-------
Melee: Dagger            |    23 |     3 ||    26
Throw: Dart              |       |     6 ||     6
 Cast: Flame Tongue      |    56 |    32 ||    88
       Conjure Flame     |     3 |       ||     3
       Sticky Flame      |       |     2 ||     2
  Use: Potion            |       |     2 ||     2
 Stab: Sleeping          |     5 |       ||     5
  Eat: Chunk             |     4 |       ||     4
Armor: Robe              |     8 |     5 ||    13
Dodge: Dodged            |    33 |    12 ||    45
